 Dungeon Crawl Stone Soup version 0.24-a0-309-g1095bca (webtiles) character file.

Game seed: 13872055021892609273

16 MatthieuS the Charmwright (level 2, 0/23 HPs)
             Began as a Merfolk Skald on May 14, 2019.
             Slain by a jackal (2 damage)
             ... on level 1 of the Dungeon.
             The game lasted 00:01:02 (316 turns).

MatthieuS the Charmwright (Merfolk Skald)            Turns: 316, Time: 00:01:02

Health: 0/23       AC:  3    Str: 11    XL:     2   Next: 54%
Magic:  1/5        EV: 12    Int: 12    God:
Gold:   44         SH:  0    Dex: 13    Spells: 4/5 levels left

rFire    . . .     SeeInvis .   a - +0 spear
rCold    . . .     Gourm    .   (no shield)
rNeg     . . .     Faith    .   b - +0 leather armour
rPois    .         Spirit   .   (no helmet)
rElec    .         Reflect  .   (no cloak)
rCorr    .         Harm     .   (no gloves)
MR       .....                  (no boots)
Stlth    +.........             (no amulet)
HPRegen  0.07/turn              (no ring)
MPRegen  0.09/turn              (no ring)

@: infused
A: change form in water, swift swim, stealthy swim
a: no special abilities


You were on level 1 of the Dungeon.
You were not hungry.

You visited 1 branch of the dungeon, and saw 1 of its levels.

You collected 44 gold pieces.

Inventory:

Hand Weapons
 a - a +0 spear (weapon)
Armour
 b - a +0 leather armour (worn)
Scrolls
 c - a scroll of amnesia {unknown}
 d - a scroll of blinking {unknown}
 g - a scroll of teleportation {unknown}
 h - a scroll of identify {unknown}
Comestibles
 e - 2 rations
 f - 6 chunks of flesh


   Skills:
 + Level 2.4 Fighting
 + Level 3.3 Polearms
 + Level 0.9 Armour
 + Level 3.0 Dodging
 + Level 2.1 Spellcasting
 + Level 3.4 Charms


You had 4 spell levels left.
You knew the following spells:

 Your Spells              Type           Power        Failure   Level  Hunger
a - Infusion              Chrm           #...         9%          1    ##.....

Your spell library contained the following spells:

 Spells                   Type           Power        Failure   Level  Hunger
 Song of Slaying          Chrm           #.......     13%         2    ###....
 Shroud of Golubria       Chrm/Tloc      #.........   26%         2    ###....
 Regeneration             Chrm/Necr      #.........   45%         3    ####...
 Spectral Weapon          Hex/Chrm       #.......     45%         3    ####...


Dungeon Overview and Level Annotations

Branches:
Dungeon (1/15)

Altars:


Message History

No target in view!
No target in view!
Some of the chunks of flesh in your inventory have rotted away.
You butcher the frilled lizard corpse.
f - 8 chunks of flesh (gained 1)
You see here a frilled lizard skeleton. x2
Found a scroll labeled NOJYFFUUVE.
h - a scroll labeled NOJYFFUUVE A gnoll and a dart slug come into view.
The gnoll shouts!
You hear a shout!
A hobgoblin comes into view. It is wielding a +0 club.
You hear a bark!
Some of the chunks of flesh in your inventory have rotted away.
There are monsters nearby!
The hobgoblin shouts!
You hear a bark!
You begin infusing your attacks with magical energy.
Attack whom?
Aim: a gnoll, wielding a +0 spear You reach to attack!
You hit the gnoll.
The gnoll hits you from afar with a +0 spear.
You hit the hobgoblin. The gnoll closely misses you.
The hobgoblin hits you but does no damage.
You closely miss the hobgoblin. The gnoll hits you but does no damage.
The hobgoblin closely misses you.
You hit the hobgoblin.
You kill the hobgoblin!
A jackal comes into view.
The gnoll hits you from afar with a +0 spear.
You hit the dart slug! The gnoll barely misses you.
The dart slug launches a dart at you. The slug dart hits you.
* * * LOW HITPOINT WARNING * * *
You hit the dart slug.
You kill the dart slug!
Your Dodging skill increases to level 3!
The gnoll completely misses you.
A jackal comes into view.
The jackal barks!
The gnoll closely misses you.
The jackal bites you but does no damage.
Found a hand axe and a smoky purple potion.
Things that are here:
a +0 club; a dart slug corpse You hit the gnoll.
The jackal bites you.
* * * LOW HITPOINT WARNING * * *
The gnoll hits you with a +0 spear.
* * * LOW HITPOINT WARNING * * *
The gnoll hits you but does no damage. The jackal bites you.
You die...

#.# #.#. #. #.#
... #.##.# ..##
#.##รท# ###...#
#.##.# ....!##.#
###.##.####g..)..#
#........##h#
#..[..##.##h#
#.....##.##@#
#.....##.##.#
#.....##.##.#
#.#####...#.# #.#
#......# #.#
#......# ######.#
#.....## .......#
#....## ########
#.#.##


You could see a gnoll and 2 jackals.

Vanquished Creatures
  A dart slug (D:1)
  A leopard gecko (D:1)
  2 giant cockroaches (D:1)
  A goblin (D:1)
  4 hobgoblins (D:1)
  A frilled lizard (D:1)
  A rat (D:1)
11 creatures vanquished.

Notes
Turn   | Place    | Note
-------+----------+-------------------------------------------
     0 | D:1      | MatthieuS the Merfolk Skald began the quest for the Orb.
     0 | D:1      | Reached XP level 1. HP: 16/16 MP: 3/3
   130 | D:1      | Reached XP level 2. HP: 17/23 MP: 5/5
   316 | D:1      | Slain by a jackal

Levels and vault maps discovered:
D:1:      dpeg_arrival_stone_temple_mockup, layout_loops_ring,
          minmay_pentomino_z4

Skill      XL: |  1  2 |
---------------+-------+-----
Dodging        | 3 |  3.0
Fighting       | |  2.4
Polearms       | |  3.3
Armour         | |  0.9
Spellcasting   | |  2.1
Charms         | |  3.4

Action                   || total
-------------------------++-------
Melee: Spear             ||    57
 Cast: Infusion          ||     1
 Stab: Sleeping          ||     1
Armor: Leather armour    ||    11
Dodge: Dodged            ||    30

Table legend:
 A = Non-vault XP
 B = Vault XP
 C = Vault XP percentage of total XP
 D = Non-vault monster count
 E = Vault monster count
 F = Vault count percentage of total count
                 A         B        C        D         E       F
            +---------+---------+-------+---------+---------+-------
      Total |      19 |       4 |  17.4 |      10 |       1 |   9.1
            +---------+---------+-------+---------+---------+-------
        D:1 |      19 |       4 |  17.4 |      10 |       1 |   9.1
            +---------+---------+-------+---------+---------+-------
